 Dungeon Crawl Stone Soup version 0.28.0-45-g0d030f2227 (webtiles) character file.

Game seed: 8106836894891732652

40 raph the Firebug (level 3, 0/19 HPs)
             Began as a Tengu Fire Elementalist on May 22, 2022.
             Succumbed to an adder's poison
             ... on level 2 of the Dungeon.
             The game lasted 00:03:15 (1978 turns).

raph the Firebug (Tengu Fire Elementalist)          Turns: 1978, Time: 00:03:15

Health: 0/19       AC:  3    Str:  8    XL:     3   Next: 50%
Magic:  7/7        EV: 12    Int: 17    God:
Gold:   89         SH:  0    Dex: 14    Spells: 2/6 levels left

rFire   . . .      SeeInvis .   e - +0 dagger
rCold   . . .      Faith    .   (no shield)
rNeg    . . .      Spirit   .   a - +1 robe
rPois   .          Reflect  .   (helmet restricted)
rElec   .          Harm     .   (no cloak)
rCorr   .          Rampage  .   (no gloves)
Will    .....                   (boots unavailable)
Stlth   ++........              (no amulet)
HPRegen 0.06/turn               (no ring)
MPRegen 0.10/turn               (no ring)

@: lethally poisoned (0 -> -4)
A: beak, talons 3
a: no special abilities


You were on level 2 of the Dungeon.
You visited 1 branch of the dungeon, and saw 2 of its levels.

You collected 89 gold pieces.

Inventory:

Hand Weapons
 e - a +0 dagger (weapon)
Armour
 a - a +1 robe (worn)
 d - a +0 leather armour
Scrolls
 i - a scroll of teleportation
Potions
 f - a potion of mutation


   Skills:
 + Level 2.6 Dodging
 - Level 2.3 Stealth
 + Level 2.3 Spellcasting
 + Level 2.0 Conjurations
 * Level 3.9 Fire Magic


You had 2 spell levels left.
You knew the following spells:

 Your Spells              Type           Power      Damage    Failure   Level
a - Foxfire               Conj/Fire      48%        2x1d6     5%          1
b - Scorch                Fire           30%        2d7       5%          2
c - Magic Dart            Conj           32%        1d4       9%          1

Your spell library contained the following spells:

 Spells                   Type           Power      Damage    Failure   Level
 Searing Ray              Conj           16%        2d5       12%         2
 Conjure Flame            Conj/Fire      12%        6-21      16%         3
 Inner Flame              Hex/Fire       8%         N/A       26%         3
 Flame Wave               Conj/Fire      12%        2d6       47%         4
 Fulminant Prism          Conj/Hex       2%         3d6       77%         4
 Passage of Golubria      Tloc           2%         N/A       88%         4
 Silence                  Hex/Air        1%         N/A       99%         5
 Lehudib's Crystal Spear  Conj/Erth      2%         10d2      100%        8


Dungeon Overview and Level Annotations

Branches:
Dungeon (2/15)

Altars:


Innate Abilities, Weirdness & Mutations

You have a beak for a mouth.
You have claws for feet.


Message History

You hear a shout!
You hear an angry hiss.
As you read the scroll labelled ROR MAUNOSOZU, it crumbles to dust.
You feel strangely unstable.
It was a scroll of teleportation.
You start waiting.
Your surroundings suddenly seem different. 2 goblins, 2 bats, a frilled lizard and 3 adders come into view.
Found a stone staircase leading up.
The goblin shouts!
The adder hisses angrily. x2
The adder hisses angrily.
The frilled lizard hisses angrily.
The bat closely misses you. The hobgoblin closely misses you.
The bat hits you but does no damage. The adder misses you.
The adder bites you. x2; The adder barely misses you.
The bat completely misses you. The bat hits you.
There is a stone staircase leading up here.
The bat hits you. The bat misses you. The adder closely misses you.
The adder bites you.
You are poisoned.
The adder poisons you! The adder closely misses you. x2
You climb upwards.
You feel sick.
There is a stone staircase leading down here.
Okay, then.
As you read the scroll of teleportation, it crumbles to dust.
You feel strangely unstable.
You feel sick. The adder bites you.
* * * LOW HITPOINT WARNING * * *
You are lethally poisoned!
The adder poisons you! The adder barely misses you. x2
* * * LOW HITPOINT WARNING * * *
You feel sick. The adder bites you but does no damage.
The adder closely misses you.
You climb downwards.
Your surroundings suddenly seem different.
An adder comes into view.
Found an amethyst potion.
* * * LOW HITPOINT WARNING * * *
You feel sick.
Unknown command.
Okay, then.
You die...

#.. # ###..
.#### ......
#..... ..... #
#......
#...#.#.#.....
#S...#.#..!...
#####...........
........@.......
........########
.........
#####+#... #....
.#####
....######
.........#
.........#


You could see an adder (asleep).

Vanquished Creatures
  A worm (D:2)
  3 bats
  2 endoplasms (D:1)
  2 giant cockroaches (D:1)
  A goblin (D:1)
  3 hobgoblins
  4 jackals (D:1)
  3 kobolds (D:1)
  2 quokkas (D:1)
  8 ball pythons (D:1)
  3 frilled lizards (D:1)
  2 rats
34 creatures vanquished.

Vanquished Creatures (others)
  73 foxfires
73 creatures vanquished.

Grand Total: 107 creatures vanquished

Notes
Turn   | Place    | Note
-------+----------+-------------------------------------------
     0 | D:1      | raph the Tengu Fire Elementalist began the quest for the
                  | Orb.
     0 | D:1      | Reached XP level 1. HP: 10/10 MP: 4/4
   232 | D:1      | Reached XP level 2. HP: 15/15 MP: 0/6
   513 | D:1      | Learned a level 2 spell: Scorch
  1147 | D:1      | Learned a level 1 spell: Magic Dart
  1263 | D:1      | Reached XP level 3. HP: 16/19 MP: 3/7
  1978 | D:2      | Succumbed to an adder's poison

Illustrated notes

Levels and vault maps discovered:
D:1:      dpeg_arrival_rooms_with_view, layout_loops_ring
D:2:      minmay_razor_zed, layout_basic, chequers_ecumenical_altar_simple_redux

Skill      XL: |  1  2  3 |
---------------+----------+-----
Conjurations   | 2 |  2.0
Dodging        | |  2.6
Stealth        | |  2.3
Spellcasting   | |  2.3
Fire Magic     | |  3.9

Action                   || total
-------------------------++-------
Melee: Unarmed           ||     5
       Kick              ||     6
       Dagger            ||     7
       Peck              ||     2
 Cast: Foxfire           ||    47
       Scorch            ||     3
       Magic Dart        ||     1
  Use: Scroll            ||     6
 Stab: Sleeping          ||     1
Armor: Robe              ||     4
Dodge: Dodged            ||    36
